[Event "42nd Olympiad Baku 2016 Open"]
[Site "Baku"]
[Date "2016.09.08"]
[Round "6.15"]
[White "Rusev, Krasimir"]
[Black "Skoberne, Jure"]
[Result "1/2-1/2"]
[ECO "E71"]
[WhiteElo "2548"]
[BlackElo "2562"]
[Annotator ""]
[PlyCount "94"]
[EventDate "2016.??.??"]
[EventCountry "AZE"]
[SourceTitle "playchess.com"]
[Source "ChessBase"]
[WhiteTeam "Bulgaria"]
[BlackTeam "Slovenia"]
[WhiteTeamCountry "BUL"]
[BlackTeamCountry "SLO"]
[TimeControl "40/5400+30:1800+30"]

1. d4 {(00:00} Nf6 {(00:00} 2. c4 {(00:14} g6 {(
00:00} 3. Nc3 {(00:09} Bg7 {(00:00} 4. e4 {(00:09} d6
{(00:00} 5. h3 {(00:33} O-O {(00:26} 6. Nf3 {(
00:12} e5 {(01:56} 7. d5 {(02:01} a5 {(00:35} 8. g4 {
(00:33} Na6 {(00:43} 9. Be3 {(00:23} Nd7 {(01:
34} 10. a3 {(01:56} Nb6 {(04:49} 11. Rg1 {(30:48} Bd7
{(02:05} 12. h4 {(00:57} Nc5 {(05:45} 13. Qc2 {(
13:42} Nba4 {(34:47} 14. Nb5 {(18:12} c6 {(06:43} 15.
Nxd6 {(01:54} Qf6 {(04:04} 16. Nxb7 {(24:53} Nxb7 {
(01:08} 17. Qxa4 {(00:24} Qxf3 {(01:51} 18. c5 {
(00:02} cxd5 {(15:49} 19. Qxd7 {(00:12} d4 {(00:
06} 20. Rg3 {(01:41} Nxc5 {(00:52} 21. Rxf3 {(00:02}
Nxd7 {(00:07} 22. Bd2 {(00:04} Nf6 {(00:08} 23. Bd3 {
(01:10} Nxg4 {(00:33} 24. Rc1 {(00:04} Bh6 {(05:
41} 25. Rc7 {(00:57} Bxd2+ {(02:08} 26. Kxd2 {(00:01}
Kg7 {(04:43} 27. Bb1 {(01:30} Rab8 {(01:05} 28. b3 {
(00:30} h5 {(01:51} 29. Bc2 {(00:01} Nh2 {(03:
37} 30. Rh3 {(00:12} Ng4 {(00:17} 31. Rf3 {(00:01}
Rbc8 {(00:37} 32. Ra7 {(00:46} Ra8 {(00:37} 33. Rc7 {
(01:13} Rac8 {(00:21} 34. Ra7 {(00:43} g5 {(01:
26} 35. hxg5 {(00:34} Rc3 {(00:22} 36. Bd3 {(00:40} h4
{(00:23} 37. Ke2 {(00:21} Rxb3 {(00:20} 38. Bc4 {
(00:40} Rb2+ {(00:58} 39. Ke1 {(00:01} Rb1+ {(
00:08} 40. Kd2 {(00:00} Rb2+ {(00:00} 41. Ke1 {(00:15}
h3 {(17:33} 42. Rxh3 {(04:21} Kg6 {(10:37} 43. Rf3 {
(09:41} Rb1+ {(00:27} 44. Kd2 {(00:02} Rb2+ {(
00:04} 45. Ke1 {(01:02} Rb1+ {(00:04} 46. Kd2 {(00:09}
Rb2+ {(00:04} 47. Ke1 {(00:07} Rb1+ 1/2-1/2

[Event "42nd Olympiad Baku 2016 Open"]
[Site "Baku"]
[Date "2016.09.08"]
[Round "6.16"]
[White "Sebenik, Matej"]
[Black "Petrov, Martin"]
[Result "1-0"]
[ECO "E10"]
[WhiteElo "2526"]
[BlackElo "2458"]
[Annotator ""]
[PlyCount "79"]
[EventDate "2016.??.??"]
[EventCountry "AZE"]
[SourceTitle "playchess.com"]
[Source "ChessBase"]
[WhiteTeam "Slovenia"]
[BlackTeam "Bulgaria"]
[WhiteTeamCountry "SLO"]
[BlackTeamCountry "BUL"]
[TimeControl "40/5400+30:1800+30"]

1. d4 {(00:00} Nf6 {(00:00} 2. c4 {(00:00} e6 {(
00:00} 3. Nf3 {(00:36} d5 {(00:00} 4. g3 {(00:20} Bb4+
{(00:10} 5. Bd2 {(00:06} Be7 {(00:06} 6. Bg2 {(
00:04} O-O {(00:10} 7. O-O {(00:06} c6 {(00:07} 8. Qc2
{(00:05} Nbd7 {(00:42} 9. Bf4 {(00:48} b6 {(06:
04} 10. Rd1 {(00:20} Ba6 {(00:53} 11. b3 {(02:07} Rc8
{(01:26} 12. Nc3 {(00:09} Nh5 {(06:44} 13. Bc1 {
(00:47} f5 {(02:21} 14. e3 {(04:47} Bd6 {(10:09]
} 15. Bb2 {(11:57} g5 {(07:07} 16. a4 {(04:52} Rf7 {
(15:36} 17. a5 {(28:42} b5 {(00:10} 18. c5 {(07:
17} Bc7 {(00:10} 19. Qe2 {(00:18} Ng7 {(14:45} 20. h3
{(02:43} h5 {(06:36} 21. Ne1 {(11:25} Nb8 {(05:
12} 22. b4 {(02:35} Nd7 {(00:11} 23. Nd3 {(00:06} Qf6
{(00:28} 24. Qe1 {(04:09} Qh6 {(04:07} 25. Ne2 {
(01:03} h4 {(01:53} 26. gxh4 {(00:53} Qxh4 {(00:
37} 27. f4 {(00:04} Qh6 {(02:44} 28. fxg5 {(05:16}
Qxg5 {(00:03} 29. Nef4 {(00:04} Kh7 {(02:46} 30. Ne5 {
(04:10} Nxe5 {(01:44} 31. dxe5 {(00:03} Rg8 {(
01:34} 32. Qe2 {(02:13} Bc8 {(03:57} 33. Kh1 {(00:09}
Qh6 {(03:05} 34. Bf3 {(02:46} Bd8 {(00:24} 35. Rg1 {
(00:20} Bg5 {(00:43} 36. Rxg5 {(02:38} Qxg5 {(
00:05} 37. Rg1 {(00:03} Qh4 {(01:17} 38. Qg2 {(01:06}
Rff8 {(04:22} 39. Qg6+ {(01:10} Kh8 {(00:02} 40. Bh5 {
(00:00} 1-0

[Event "42nd Olympiad Baku 2016 Open"]
[Site "Baku"]
[Date "2016.09.08"]
[Round "6.17"]
[White "Ghaem Maghami, Ehsan"]
[Black "Bologan, Victor"]
[Result "1/2-1/2"]
[ECO "A45"]
[WhiteElo "2566"]
[BlackElo "2648"]
[Annotator ""]
[PlyCount "76"]
[EventDate "2016.??.??"]
[EventCountry "AZE"]
[SourceTitle "playchess.com"]
[Source "ChessBase"]
[WhiteTeam "Iran"]
[BlackTeam "Moldova"]
[WhiteTeamCountry "IRI"]
[BlackTeamCountry "MDA"]
[TimeControl "40/5400+30:1800+30"]

1. d4 {(00:00} Nf6 {(00:00} 2. Bg5 {(00:01} Ne4 {
(00:33} 3. Bf4 {(00:53} c5 {(00:08} 4. f3 {(00:
54} Qa5+ {(04:00} 5. c3 {(00:15} Nf6 {(00:14} 6. d5 {
(08:09} e6 {(05:40} 7. e4 {(01:32} exd5 {(03:29]
} 8. exd5 {(08:06} d6 {(01:28} 9. Qe2+ {(00:52} Be7 {
(04:15} 10. Bxd6 {(03:31} Nxd5 {(03:05} 11. Bxe7 {
(06:50} Nxe7 {(00:20} 12. Qb5+ {(00:11} Nbc6 {(
08:15} 13. Nd2 {(09:10} Qc7 {(11:14} 14. Qxc5 {(05:36}
O-O {(01:54} 15. Ne4 {(16:17} Bf5 {(03:54} 16. Bb5 {
(03:48} Bxe4 {(20:24} 17. fxe4 {(00:24} Qa5 {(
00:18} 18. a4 {(13:41} a6 {(02:22} 19. b4 {(00:17} Qd8
{(00:16} 20. Rd1 {(03:16} Qe8 {(02:04} 21. Bd3 {
(04:03} Rc8 {(01:54} 22. Ne2 {(01:37} Ng6 {(02:
38} 23. Qe3 {(04:05} Nce5 {(04:00} 24. a5 {(05:03} Ng4
{(10:42} 25. Qg3 {(00:45} Nf6 {(00:08} 26. O-O {
(02:10} Nxe4 {(00:43} 27. Bxe4 {(00:07} Qxe4 {(
00:13} 28. Nd4 {(00:05} Qe5 {(00:49} 29. Qxe5 {(00:44}
Nxe5 {(00:10} 30. Rfe1 {(00:18} f6 {(01:38} 31. Re3 {
(00:17} Rfd8 {(02:35} 32. Rde1 {(00:29} Rc4 {(
01:00} 33. Nf3 {(01:01} Nc6 {(03:26} 34. Re8+ {(01:03}
Kf7 {(01:02} 35. Rxd8 {(00:13} Nxd8 {(00:07} 36. Re3 {
(00:03} Ne6 {(00:23} 37. Rd3 {(01:44} Rc7 {(01:
43} 38. g3 {(00:35} g5 {(00:41} 1/2-1/2

[Event "42nd Olympiad Baku 2016 Open"]
[Site "Baku"]
[Date "2016.09.08"]
[Round "6.18"]
[White "Iordachescu, Viorel"]
[Black "Maghsoodloo, Parham"]
[Result "1/2-1/2"]
[ECO "B08"]
[WhiteElo "2584"]
[BlackElo "2566"]
[Annotator ""]
[PlyCount "105"]
[EventDate "2016.??.??"]
[EventCountry "AZE"]
[SourceTitle "playchess.com"]
[Source "ChessBase"]
[WhiteTeam "Moldova"]
[BlackTeam "Iran"]
[WhiteTeamCountry "MDA"]
[BlackTeamCountry "IRI"]
[TimeControl "40/5400+30:1800+30"]

1. e4 {(00:16} d6 {(00:00} 2. d4 {(00:54} Nf6 {(
00:00} 3. Nc3 {(00:08} g6 {(00:19} 4. Nf3 {(00:20} Bg7
{(00:19} 5. Be2 {(00:09} O-O {(01:28} 6. O-O {(
00:17} a6 {(00:20} 7. Bg5 {(03:10} h6 {(03:26} 8. Bf4
{(03:08} Nc6 {(01:18} 9. Re1 {(07:18} b5 {(07:
29} 10. a3 {(01:06} g5 {(12:14} 11. Bg3 {(14:19} Nh5 {
(01:03} 12. d5 {(12:07} Nxg3 {(01:17} 13. hxg3 {
(00:12} Ne5 {(00:21} 14. Nh2 {(04:04} e6 {(02:
42} 15. Qd2 {(05:28} Rb8 {(03:52} 16. Nd1 {(02:33}
exd5 {(12:02} 17. exd5 {(00:12} g4 {(00:56} 18. c3 {
(06:39} h5 {(02:52} 19. f4 {(11:43} Ng6 {(05:53]
} 20. Bd3 {(01:17} f5 {(06:34} 21. Nf1 {(03:13} Bh6 {
(02:21} 22. Nf2 {(03:39} Kg7 {(05:54} 23. Bc2 {(
00:56} Qf6 {(10:31} 24. Nd3 {(01:44} Bd7 {(01:47} 25.
Qf2 {(00:40} Rf7 {(01:54} 26. Re2 {(01:42} Re8 {
(05:50} 27. Rxe8 {(01:14} Bxe8 {(00:11} 28. Re1 {
(00:20} Re7 {(00:16} 29. Nb4 {(01:59} a5 {(03:
27} 30. Nc6 {(01:53} Rxe1 {(03:38} 31. Qxe1 {(00:06}
Bd7 {(03:04} 32. Nb8 {(01:14} Bc8 {(00:09} 33. Qe8 {
(00:27} Qf8 {(01:56} 34. Qxf8+ {(00:41} Nxf8 {(
00:18} 35. Nc6 {(00:27} Kf6 {(00:33} 36. Nd4 {(00:57}
h4 {(01:06} 37. Nxb5 {(04:45} Ng6 {(00:17} 38. Nxc7 {
(00:19} hxg3 {(00:05} 39. Nxg3 {(00:08} Nxf4 {(
01:02} 40. b4 {(00:00} axb4 {(00:00} 41. cxb4 {(05:56}
Ke5 {(02:08} 42. a4 {(02:17} Bg5 {(00:10} 43. b5 {
(05:23} Bd8 {(00:44} 44. b6 {(00:50} Bxc7 {(00:
20} 45. bxc7 {(00:06} Nxd5 {(00:28} 46. Bxf5 {(03:42}
Bxf5 {(00:26} 47. Nxf5 {(00:05} Nxc7 {(00:04} 48. Ne3 {
(00:12} g3 {(03:41} 49. Kf1 {(00:49} Ke4 {(00:
02} 50. Ke2 {(00:52} Ne6 {(00:15} 51. Nf1 {(01:21}
Nf4+ {(00:12} 52. Kd2 {(00:15} Kd4 {(00:44} 53. Nxg3 {
(00:28} 1/2-1/2

[Event "42nd Olympiad Baku 2016 Open"]
[Site "Baku"]
[Date "2016.09.08"]
[Round "6.20"]
[White "Hamitevici, Vladimir"]
[Black "Firouzja, Alireza"]
[Result "1/2-1/2"]
[ECO "A36"]
[WhiteElo "2489"]
[BlackElo "2463"]
[Annotator ""]
[PlyCount "112"]
[EventDate "2016.??.??"]
[EventCountry "AZE"]
[SourceTitle "playchess.com"]
[Source "ChessBase"]
[WhiteTeam "Moldova"]
[BlackTeam "Iran"]
[WhiteTeamCountry "MDA"]
[BlackTeamCountry "IRI"]
[TimeControl "40/5400+30:1800+30"]

1. c4 {(00:00} g6 {(00:36} 2. g3 {(00:28} c5 {(
01:03} 3. Bg2 {(00:42} Bg7 {(00:08} 4. Nc3 {(01:04}
Nc6 {(00:22} 5. a3 {(02:49} d6 {(06:39} 6. Nf3 {
(03:33} Bf5 {(08:34} 7. Qa4 {(10:01} Bd7 {(08:
23} 8. d3 {(04:39} Nh6 {(10:48} 9. O-O {(12:27} a6 {
(06:15} 10. Qc2 {(05:17} Nf5 {(15:10} 11. e3 {(
02:27} O-O {(09:20} 12. Rb1 {(01:53} Rb8 {(05:41} 13.
b4 {(02:59} cxb4 {(00:03} 14. axb4 {(00:09} b5 {
(00:05} 15. cxb5 {(04:26} axb5 {(00:11} 16. d4 {
(03:48} e6 {(01:39} 17. d5 {(07:35} Nce7 {(04:
05} 18. e4 {(05:51} Rc8 {(03:48} 19. Bb2 {(04:57} Nh6
{(07:09} 20. dxe6 {(03:54} fxe6 {(01:50} 21. Qb3 {
(04:45} Qc7 {(01:14} 22. Ne2 {(01:09} Qc4 {(01:
21} 23. Bxg7 {(01:26} Qxb3 {(01:20} 24. Rxb3 {(00:05}
Kxg7 {(00:04} 25. Bh3 {(08:39} Nf7 {(02:10} 26. Nf4 {
(02:09} Kf6 {(00:48} 27. Nd5+ {(00:28} exd5 {(
00:55} 28. Bxd7 {(00:04} Rc7 {(00:26} 29. Bxb5 {(00:07]
} dxe4 {(00:06} 30. Nd2 {(00:08} d5 {(01:16} 31. f3 {
(00:22} e3 {(01:06} 32. Rxe3 {(00:07} Rb8 {(00:
06} 33. Bd3 {(01:52} Rxb4 {(00:12} 34. Rfe1 {(00:25}
Nc6 {(00:54} 35. f4 {(02:25} Nd4 {(01:32} 36. Nf3 {
(00:25} Nxf3+ {(00:54} 37. Rxf3 {(00:06} Re7 {(
00:05} 38. Rd1 {(00:38} Rd4 {(01:09} 39. Ra1 {(02:46}
Kg7 {(00:31} 40. Ra6 {(00:00} Rb4 {(00:00} 41. Kg2 {
(06:59} Rc7 {(01:41} 42. Rf2 {(06:57} Nh6 {(01:
32} 43. Rfa2 {(06:36} Rb3 {(10:30} 44. Rd2 {(02:01}
Rbc3 {(09:49} 45. h3 {(06:17} Ng8 {(02:38} 46. Be2 {
(00:18} Nf6 {(03:45} 47. Bf3 {(00:09} h6 {(02:
28} 48. g4 {(02:48} g5 {(00:50} 49. fxg5 {(00:31} hxg5
{(00:05} 50. Re6 {(00:19} Rc2 {(00:18} 51. Ree2 {
(02:43} Rxd2 {(00:13} 52. Rxd2 {(00:04} Rd7 {(
00:06} 53. Kg3 {(00:40} d4 {(00:51} 54. h4 {(00:24}
gxh4+ {(00:04} 55. Kxh4 {(00:10} Kg6 {(00:05} 56. g5 {
(00:25} Rh7+ {(00:08} 1/2-1/2

[Event "42nd Olympiad Baku 2016 Open"]
[Site "Baku"]
[Date "2016.09.08"]
[Round "6.19"]
[White "Lorparizangeneh, Shahin"]
[Black "Svetushkin, Dmitry"]
[Result "1-0"]
[ECO "A07"]
[WhiteElo "2478"]
[BlackElo "2543"]
[Annotator ""]
[PlyCount "145"]
[EventDate "2016.??.??"]
[EventCountry "AZE"]
[SourceTitle "playchess.com"]
[Source "ChessBase"]
[WhiteTeam "Iran"]
[BlackTeam "Moldova"]
[WhiteTeamCountry "IRI"]
[BlackTeamCountry "MDA"]
[TimeControl "40/5400+30:1800+30"]

1. Nf3 {(00:00} d5 {(00:26} 2. g3 {(00:00} c6 {(
00:04} 3. Bg2 {(00:00} Bg4 {(00:05} 4. O-O {(00:44}
Nf6 {(00:08} 5. h3 {(00:42} Bh5 {(00:24} 6. d4 {
(00:28} e6 {(00:24} 7. c4 {(00:03} Nbd7 {(01:12]
} 8. cxd5 {(00:33} cxd5 {(04:06} 9. Nc3 {(01:54} Be7 {
(00:19} 10. Qb3 {(07:39} Bxf3 {(07:58} 11. Bxf3 {
(01:47} Qb6 {(00:06} 12. e4 {(09:33} dxe4 {(34:
45} 13. Nxe4 {(00:40} Nd5 {(04:27} 14. Nc3 {(02:07}
N7f6 {(06:49} 15. Nxd5 {(08:17} Nxd5 {(00:13} 16. Bxd5
{(00:34} exd5 {(00:04} 17. Qxd5 {(02:36} O-O {(
08:45} 18. Be3 {(03:05} Bf6 {(00:15} 19. Rfd1 {(08:00}
Qxb2 {(03:21} 20. Rab1 {(00:50} Qc2 {(00:23} 21. Rdc1 {
(01:18} Qe2 {(06:42} 22. Rxb7 {(00:52} Rae8 {(
00:59} 23. Rbc7 {(10:53} Rxe3 {(06:28} 24. fxe3 {(00:
13} Qxe3+ {(00:20} 25. Kh2 {(00:04} Qf2+ {(00:21} 26.
Qg2 {(00:14} Qxd4 {(00:05} 27. R7c4 {(18:04} Qe3 {
(00:36} 28. Rf1 {(08:23} Rd8 {(02:57} 29. Rcf4 {
(00:20} h5 {(01:04} 30. Qf3 {(01:39} Qb6 {(02:
37} 31. h4 {(02:30} Rd2+ {(06:49} 32. Rf2 {(00:12}
Rxf2+ {(00:34} 33. Qxf2 {(00:07} Qc7 {(01:43} 34. Re4 {
(09:19} Be5 {(00:32} 35. Qe3 {(00:28} f6 {(00:
17} 36. Qf3 {(01:10} Qf7 {(00:43} 37. Qb3 {(00:46}
Qxb3 {(00:18} 38. axb3 {(00:01} Bc7 {(00:48} 39. Re7 {
(00:19} Bb6 {(00:03} 40. Kg2 {(00:00} Kh7 {(00:
00} 41. Kf3 {(01:41} Kg6 {(03:59} 42. g4 {(03:08}
hxg4+ {(02:09} 43. Kxg4 {(03:15} f5+ {(01:47} 44. Kf4 {
(00:59} Kf6 {(00:06} 45. Rd7 {(01:11} g6 {(00:
06} 46. Rd6+ {(09:22} Kf7 {(12:25} 47. Rc6 {(01:17}
Bf2 {(03:42} 48. h5 {(02:15} gxh5 {(00:08} 49. Kxf5 {
(00:10} Ke7 {(00:40} 50. Rc2 {(06:02} Bg3 {(03:
25} 51. Ra2 {(00:19} Bb8 {(02:50} 52. Kg5 {(02:39} Kd7
{(00:15} 53. Ra6 {(01:04} Kc8 {(00:13} 54. Kxh5 {
(05:32} Kb7 {(00:06} 55. Re6 {(00:38} Bc7 {(01:
36} 56. Kg4 {(00:10} Bb6 {(00:25} 57. Kf5 {(00:19} a6
{(00:23} 58. Ke4 {(00:50} Bf2 {(00:11} 59. Kd5 {
(00:05} Bg1 {(00:28} 60. Kd6 {(01:39} Kb6 {(01:
39} 61. Kd7+ {(00:48} Kb5 {(00:37} 62. Re4 {(00:14}
Bh2 {(00:24} 63. Rg4 {(00:48} Kc5 {(01:05} 64. Kc8 {
(00:30} Kb6 {(03:03} 65. Rg7 {(00:34} Bf4 {(00:
24} 66. Rf7 {(00:27} Bg3 {(00:07} 67. Rf6+ {(00:24}
Ka7 {(00:09} 68. Rg6 {(00:16} Bf4 {(00:05} 69. Rg4 {
(00:23} Be5 {(01:32} 70. Rb4 {(00:48} Bg3 {(01:
34} 71. Kd7 {(00:17} a5 {(01:05} 72. Rg4 {(00:19} Bf2
{(00:35} 73. Kc6 {(00:08} 1-0

[Event "42nd Olympiad Baku 2016 Open"]
[Site "Baku"]
[Date "2016.09.08"]
[Round "6.21"]
[White "Cordova, Emilio"]
[Black "Ivanisevic, Ivan"]
[Result "1/2-1/2"]
[ECO "D02"]
[WhiteElo "2638"]
[BlackElo "2650"]
[Annotator ""]
[PlyCount "135"]
[EventDate "2016.??.??"]
[EventCountry "AZE"]
[SourceTitle "playchess.com"]
[Source "ChessBase"]
[WhiteTeam "Peru"]
[BlackTeam "Serbia"]
[WhiteTeamCountry "PER"]
[BlackTeamCountry "SRB"]
[TimeControl "40/5400+30:1800+30"]

1. Nf3 {(00:00} d5 {(00:00} 2. d4 {(00:00} Nf6 {
(00:00} 3. c4 {(00:00} e6 {(00:00} 4. g3 {(00:
15} Bb4+ {(00:33} 5. Bd2 {(01:34} Be7 {(00:07} 6. Bg2
{(00:19} O-O {(00:08} 7. O-O {(00:20} Nbd7 {(00:
06} 8. Qc2 {(01:05} Ne4 {(01:11} 9. Bc1 {(02:36} c6 {
(02:29} 10. b3 {(03:14} b5 {(02:57} 11. cxb5 {(
16:31} cxb5 {(00:10} 12. Bf4 {(02:08} Ba6 {(03:59} 13.
Rc1 {(06:58} Rc8 {(04:20} 14. Bc7 {(00:47} Qe8 {
(00:06} 15. Qb2 {(00:19} Ndf6 {(11:15} 16. Ne5 {
(03:36} b4 {(08:38} 17. a3 {(04:25} Qb5 {(02:48]
} 18. axb4 {(02:51} Qb7 {(13:13} 19. Ba5 {(02:58} Rxc1+
{(02:32} 20. Qxc1 {(00:04} Bxe2 {(05:53} 21. f3 {
(04:26} Nd6 {(01:32} 22. Nc3 {(13:34} Rc8 {(01:
51} 23. Qe1 {(02:05} Bb5 {(01:17} 24. Bh3 {(00:15} Bf8
{(01:49} 25. Rc1 {(06:38} g6 {(01:41} 26. Na4 {(
00:25} Nf5 {(04:47} 27. Bxf5 {(03:31} exf5 {(01:18}
28. Nc5 {(01:03} Qe7 {(01:38} 29. Qd2 {(01:13} Bg7 {
(00:56} 30. Re1 {(03:45} Qf8 {(04:19} 31. Kg2 {(
01:02} h5 {(00:47} 32. Ned3 {(12:47} Bh6 {(01:22} 33.
Qf2 {(00:19} h4 {(00:59} 34. Nb2 {(00:07} Bg5 {(
12:53} 35. gxh4 {(03:17} Bf4 {(00:55} 36. Nd1 {(00:05}
Qh6 {(01:08} 37. Nc3 {(00:05} a6 {(00:04} 38. Nxb5 {
(01:19} axb5 {(00:05} 39. Re2 {(00:26} Bd6 {(02:
14} 40. Qe1 {(00:00} Kg7 {(00:00} 41. Nd3 {(06:17} Nd7
{(06:40} 42. Nc5 {(02:03} Nf6 {(00:12} 43. Nd3 {
(00:04} Nh5 {(06:28} 44. Bb6 {(02:19} Nf4+ {(02:
00} 45. Nxf4 {(00:05} Qxf4 {(00:05} 46. Qg3 {(00:12}
Rc3 {(03:53} 47. Bc5 {(01:19} Bc7 {(00:59} 48. Qxf4 {
(05:30} Bxf4 {(00:04} 49. Re8 {(00:04} Rxb3 {(
04:16} 50. Bf8+ {(00:50} Kh7 {(00:23} 51. Rd8 {(00:16}
Rb2+ {(01:19} 52. Kf1 {(00:55} Rxh2 {(00:27} 53. Be7 {
(02:44} Kg7 {(06:06} 54. Rxd5 {(00:06} Bg3 {(03:
09} 55. Rxb5 {(06:05} Bxh4 {(01:19} 56. Bxh4 {(07:13}
Rxh4 {(00:05} 57. Rd5 {(00:03} Rh2 {(00:25} 58. Rd7 {
(00:28} Rb2 {(00:20} 59. Rb7 {(00:03} Kf6 {(00:
30} 60. b5 {(03:27} Rb4 {(02:07} 61. d5 {(00:04} Ke5 {
(00:10} 62. Rxf7 {(00:27} Rxb5 {(00:15} 63. d6 {
(00:22} Kf4 {(02:34} 64. Ke2 {(00:34} Re5+ {(03:
52} 65. Kf2 {(00:08} Re6 {(01:32} 66. d7 {(00:09} Rd6
{(00:01} 67. Rg7 {(01:41} g5 {(00:22} 68. Ke2 {(
00:14} 1/2-1/2

[Event "42nd Olympiad Baku 2016 Open"]
[Site "Baku"]
[Date "2016.09.08"]
[Round "6.24"]
[White "Indjic, Aleksandar"]
[Black "Cruz, Cristhian"]
[Result "1-0"]
[ECO "E38"]
[WhiteElo "2548"]
[BlackElo "2519"]
[Annotator ""]
[PlyCount "65"]
[EventDate "2016.??.??"]
[EventCountry "AZE"]
[SourceTitle "playchess.com"]
[Source "ChessBase"]
[WhiteTeam "Serbia"]
[BlackTeam "Peru"]
[WhiteTeamCountry "SRB"]
[BlackTeamCountry "PER"]
[TimeControl "40/5400+30:1800+30"]

1. d4 {(01:13} e6 {(00:00} 2. c4 {(00:12} Nf6 {(
00:33} 3. Nc3 {(01:33} Bb4 {(00:26} 4. Qc2 {(00:12} c5
{(00:55} 5. dxc5 {(00:25} Bxc5 {(00:16} 6. Nf3 {
(00:57} Qb6 {(00:12} 7. e3 {(01:39} a6 {(01:26}
8. g4 {(04:32} h6 {(15:42} 9. Rg1 {(00:25} Nc6 {
(15:32} 10. a3 {(03:31} Qc7 {(03:06} 11. h4 {(
01:28} b6 {(05:10} 12. g5 {(05:15} hxg5 {(03:39} 13.
hxg5 {(00:57} Ng8 {(04:02} 14. b4 {(01:33} Bf8 {
(04:01} 15. g6 {(11:49} f6 {(03:42} 16. Bb2 {(
09:45} Bb7 {(00:23} 17. Ne4 {(02:58} Be7 {(06:36} 18.
O-O-O {(03:48} Rc8 {(05:06} 19. Be2 {(13:20} a5 {
(12:52} 20. b5 {(01:33} Ne5 {(00:06} 21. Nxe5 {(
01:44} fxe5 {(00:05} 22. Rh1 {(01:58} Rxh1 {(03:51}
23. Rxh1 {(00:30} d5 {(00:27} 24. Rh8 {(08:39} Kd7 {
(01:32} 25. Qd1 {(00:09} Nf6 {(08:30} 26. Rxc8 {
(00:56} Qxc8 {(00:32} 27. Ng5 {(00:08} Ng4 {(02:
09} 28. Nxe6 {(04:08} Nxf2 {(00:06} 29. Qf1 {(01:21}
Kxe6 {(00:46} 30. Qxf2 {(00:07} Qf8 {(00:43} 31. Bg4+ {
(02:32} Kd6 {(00:02} 32. Bxe5+ {(00:10} Kxe5 {(
01:01} 33. Qb2+ {(00:05} 1-0

[Event "42nd Olympiad Baku 2016 Open"]
[Site "Baku"]
[Date "2016.09.08"]
[Round "6.22"]
[White "Markus, Robert"]
[Black "Cori, Jorge"]
[Result "0-1"]
[ECO "E16"]
[WhiteElo "2662"]
[BlackElo "2609"]
[Annotator ""]
[PlyCount "76"]
[EventDate "2016.??.??"]
[EventCountry "AZE"]
[SourceTitle "playchess.com"]
[Source "ChessBase"]
[WhiteTeam "Serbia"]
[BlackTeam "Peru"]
[WhiteTeamCountry "SRB"]
[BlackTeamCountry "PER"]
[TimeControl "40/5400+30:1800+30"]

1. d4 {(00:00} Nf6 {(00:05} 2. Nf3 {(00:00} e6 {
(00:08} 3. g3 {(01:46} b6 {(00:26} 4. Bg2 {(01:
00} Bb7 {(00:12} 5. c4 {(01:01} Bb4+ {(00:13} 6. Bd2 {
(00:20} Bxd2+ {(02:44} 7. Qxd2 {(00:14} O-O {(
00:12} 8. O-O {(01:37} d5 {(01:03} 9. cxd5 {(05:23}
exd5 {(01:02} 10. Nc3 {(02:09} Nbd7 {(00:33} 11. Rac1 {
(01:56} Re8 {(00:32} 12. Rfd1 {(01:01} c6 {(08:
46} 13. Qc2 {(07:12} Qe7 {(00:30} 14. Nd2 {(04:25} Nf8
{(15:57} 15. e4 {(08:47} dxe4 {(01:53} 16. Ndxe4 {
(00:31} Ne6 {(00:11} 17. Qa4 {(08:29} Nxe4 {(06:
55} 18. Bxe4 {(05:42} b5 {(02:14} 19. Qa5 {(05:50}
Rad8 {(20:53} 20. d5 {(06:07} cxd5 {(05:41} 21. Nxd5 {
(02:46} Qg5 {(10:48} 22. Qxb5 {(22:30} Bxd5 {(
04:36} 23. Bxd5 {(00:15} Nd4 {(00:14} 24. Bxf7+ {(11:
06} Kxf7 {(00:10} 25. Qxg5 {(00:03} Nf3+ {(00:07} 26.
Kg2 {(00:06} Nxg5 {(00:07} 27. Rc7+ {(00:04} Re7 {
(03:20} 28. Rxe7+ {(01:13} Kxe7 {(00:04} 29. Rxd8 {
(00:04} Kxd8 {(00:05} 30. f4 {(00:02} Ne4 {(04:
37} 31. Kf3 {(00:13} Nd6 {(00:05} 32. b3 {(01:27} Kd7
{(00:04} 33. Ke3 {(01:13} Ke6 {(05:11} 34. Kd4 {
(00:05} Kf5 {(02:08} 35. a4 {(00:06} Kg4 {(02:
17} 36. Kd5 {(02:00} Nc8 {(00:55} 37. Ke6 {(00:57} Kh3
{(02:08} 38. f5 {(00:38} h5 {(00:46} 0-1

[Event "42nd Olympiad Baku 2016 Open"]
[Site "Baku"]
[Date "2016.09.08"]
[Round "6.23"]
[White "Vera Siguenas, Deivy"]
[Black "Sedlak, Nikola"]
[Result "1-0"]
[ECO "B01"]
[WhiteElo "2499"]
[BlackElo "2537"]
[Annotator ""]
[PlyCount "79"]
[EventDate "2016.??.??"]
[EventCountry "AZE"]
[SourceTitle "playchess.com"]
[Source "ChessBase"]
[WhiteTeam "Peru"]
[BlackTeam "Serbia"]
[WhiteTeamCountry "PER"]
[BlackTeamCountry "SRB"]
[TimeControl "40/5400+30:1800+30"]

1. e4 {(00:00} d5 {(00:00} 2. exd5 {(00:00} Qxd5 {
(00:00} 3. Nc3 {(00:00} Qd6 {(00:07} 4. d4 {(00:
00} Nf6 {(00:12} 5. Nf3 {(00:00} g6 {(00:19} 6. Nb5 {
(01:05} Qb6 {(00:20} 7. c4 {(00:11} c6 {(00:23}
8. Nc3 {(00:04} Bg7 {(00:19} 9. h3 {(00:43} O-O {
(00:25} 10. Be2 {(00:26} Bf5 {(01:18} 11. O-O {(
00:07} Na6 {(01:09} 12. Na4 {(07:12} Qc7 {(03:09} 13.
Be3 {(00:45} Rad8 {(11:15} 14. Qb3 {(01:28} Ne4 {
(09:19} 15. Nc3 {(09:47} Nxc3 {(07:37} 16. bxc3 {
(00:16} c5 {(01:46} 17. Qa3 {(03:33} Rc8 {(19:
05} 18. Rac1 {(00:51} Nb8 {(05:04} 19. Qxa7 {(09:00}
Nd7 {(01:53} 20. Qa3 {(01:47} Ra8 {(00:42} 21. Qb3 {
(02:51} b6 {(05:18} 22. Rfd1 {(31:14} Be4 {(03:
14} 23. Nd2 {(02:24} Bc6 {(00:23} 24. Bf3 {(01:20} Ra5
{(01:54} 25. Bxc6 {(02:27} Qxc6 {(00:05} 26. Rb1 {
(01:25} Rfa8 {(03:13} 27. dxc5 {(01:18} Nxc5 {(
03:26} 28. Qxb6 {(01:02} Qxb6 {(00:10} 29. Rxb6 {(00:
04} Na4 {(00:06} 30. Nb3 {(02:14} Nxb6 {(06:14} 31.
Nxa5 {(00:07} Na4 {(01:56} 32. c5 {(05:55} Nxc3 {
(00:35} 33. Rd7 {(00:38} h5 {(13:05} 34. c6 {(
01:19} Nb5 {(00:41} 35. a4 {(02:52} Nd6 {(01:23} 36.
Nb7 {(03:04} Rxa4 {(00:57} 37. Nxd6 {(00:49} Be5 {
(00:06} 38. f4 {(04:59} Ra1+ {(00:45} 39. Kh2 {(
00:37} Bxd6 {(00:20} 40. c7 {(00:00} 1-0